 Dungeon Crawl Stone Soup version 0.27-a0-1119-gbf574a6a6b (webtiles) character file.

Game seed: 15239014026250165616

202 freelancePsychic the Poker (level 5, -5/35 HPs)
             Began as a Merfolk Summoner on May 3, 2021.
             Was a Priest of Lugonu.
             Slain by a killer bee (8 damage)
             ... on level 4 of the Dungeon.
             The game lasted 00:12:24 (6055 turns).

freelancePsychic the Poker (Merfolk Summoner)       Turns: 6055, Time: 00:12:25

Health: -5/35      AC:  3    Str:  8      XL:     5   Next: 80%
Magic:  4/8        EV: 12    Int: 14 (15) God:    Lugonu [***...]
Gold:   82         SH:  0    Dex: 14 (15) Spells: 5/8 levels left

rFire    . . .     SeeInvis .   k - +4 hunting sling
rCold    . . .     Faith    .   (no shield)
rNeg     . . .     Spirit   .   a - +1 robe
rPois    .         Reflect  .   (no helmet)
rElec    .         Harm     .   (no cloak)
rCorr    .         Rampage  .   (no gloves)
Will     .....                  (no boots)
Stlth    ++........             (no amulet)
HPRegen  0.11/turn              (no ring)
MPRegen  0.11/turn              (no ring)

@: no status effects
A: (nimble swimmer 2), mertail
a: Renounce Religion, Depart the Abyss, Bend Space, Banish


You were on level 4 of the Dungeon.
You worshipped Lugonu.
Lugonu was most pleased with you.
You visited 1 branch of the dungeon, and saw 4 of its levels.

You collected 82 gold pieces.

Inventory:

Hand Weapons
 h - a +0 club
 k - a +4 hunting sling (weapon)
Missiles
 l - 80 stones (quivered ammo)
Armour
 a - a +1 robe (worn)
 j - a +0 helmet
Scrolls
 b - 3 scrolls of identify {@r1}
 c - a scroll of magic mapping
 f - a scroll of enchant armour
 i - a scroll of teleportation {@r4}
 m - a scroll of fog
 n - 2 scrolls of fear
Potions
 d - a potion of degeneration
 e - 2 potions of invisibility {unknown}


   Skills:
 * Level 7.8 Polearms
 - Level 2.6 Dodging
 - Level 2.1 Stealth
 - Level 2.0 Spellcasting
 - Level 4.0 Summonings


You had 5 spell levels left.
You knew the following spells:

 Your Spells              Type           Power      Damage    Failure   Level
a - Summon Small Mammal   Summ           48%        N/A       4%          1
b - Call Imp              Summ           12%        N/A       7%          2

Your spell library contained the following spells:

 Spells                   Type           Power      Damage    Failure   Level
 Call Canine Familiar     Summ           12%        N/A       14%         3
 Corona                   Hex            1%         N/A       24%         1
 Sandblast                Erth           2%         2d4       24%         1
 Summon Guardian Golem    Hex/Summ       7%         N/A       30%         3
 Ensorcelled Hibernation  Hex/Ice        2%         N/A       34%         2
 Passwall                 Tmut/Erth      0%         N/A       34%         2
 Confusing Touch          Hex            1%         N/A       56%         3
 Dazzling Flash           Conj/Hex       2%         N/A       56%         3
 Stone Arrow              Conj/Erth      2%         3d7       56%         3
 Tukima's Dance           Hex            1%         N/A       56%         3
 Summon Ice Beast         Ice/Summ       7%         N/A       71%         4
 Summon Lightning Spire   Summ/Air       7%         N/A       71%         4
 Petrify                  Tmut/Erth      1%         N/A       93%         4
 Lee's Rapid Deconstruct  Erth           0%         3d5*      100%        5


Dungeon Overview and Level Annotations

Branches:
Dungeon (4/15)
 Temple: D:4-7

Altars:
Sif Muna
Wu Jian
Lugonu

Shops:
D:3 ?

Annotations:
D:3 Sigmund


Innate Abilities, Weirdness & Mutations

((You are quick and stealthy near water. (Stealth+, EV+, Speed+++)))
Your lower body shifts to a powerful aquatic tail in water.


Message History

Lugonu accepts your kill.
Your white imp disappears in a puff of smoke!
Magic restored.
A killer bee is nearby!
Fire: 82 stones
Press: ? - help, Q - select action, (/) - cycle Shift-Dir - straight line, f - killer bee
Aim: a killer bee (36% to hit)
You shoot a stone. The stone hits the killer bee.
The killer bee is moderately wounded.
Fire: 81 stones
Press: ? - help, Q - select action, (/) - cycle Shift-Dir - straight line, f/p - killer bee
Aim: a killer bee (moderately wounded, ally target, 36% to hit)
You shoot a stone. The stone hits the killer bee.
The killer bee is heavily wounded.
The killer bee stings you!
Your crimson imp misses the killer bee.
The killer bee stings you but does no damage.
Casting: Call Imp (safe; 7% risk of failure)
Confirm with . or Enter, or press ? or * to list all spells.
A beastly little devil appears in a puff of flame.
The killer bee stings you.
Your crimson imp closely misses the killer bee.
The killer bee closely misses you.
Your crimson imp misses the killer bee.
Your crimson imp blinks!
Casting: Call Imp (safe; 7% risk of failure)
Confirm with . or Enter, or press ? or * to list all spells.
A beastly little devil appears in a puff of frigid air.
Your crimson imp disappears in a puff of smoke!
The killer bee closely misses you. The killer bee misses you.
The killer bee stings you. The killer bee closely misses you.
The killer bee stings you.
Your white imp gestures at the killer bee.
The puff of frost misses the killer bee.
The killer bee stings you!
* * * LOW HITPOINT WARNING * * *
Your white imp barely misses the killer bee.
The killer bee stings you.
* * * LOW HITPOINT WARNING * * *
The killer bee stings you!
You die...

##### ## ##...## ..##
#)....# ...# ####.##.(####
..# .. #..#........##..#
..# ##......(#.....#.##..#
##..............#.....#
#.....y............# #
###...5@.....#.....####.
... ##..5ยง..##.##.........
.....##.........##...#.....
#........(.................
##.##..!)#....##..#........
.......#(..##.......#..##
######..#............#.##
#.##........#..#..# #.#
#...<...##.....#


You could see a killer bee (ally target), a friendly crimson imp (summoned) and
a friendly white imp (summoned).

Vanquished Creatures
  An adder (D:2)
  An ufetubus (D:3)
  2 endoplasms (D:3)
  A goblin (D:3)
  3 hobgoblins
  4 jackals
  2 quokkas (D:3)
  3 ball pythons
  A bat (D:3)
  A frilled lizard (D:2)
  A kobold (D:4)
  4 rats
24 creatures vanquished.

Vanquished Creatures (collateral kills)
  An ogre (D:4)
  A phantom (D:1)
  A killer bee (D:3)
  2 adders
  An ufetubus (D:2)
  4 worms
  2 dart slugs
  3 bats
  5 endoplasms
  A giant cockroach (D:3)
  7 goblins
  3 hobgoblins
  7 jackals
  2 quokkas (D:2)
  A ball python (D:2)
  4 frilled lizards
  3 kobolds
  3 rats
51 creatures vanquished.

Vanquished Creatures (others)
  14 plants (D:3)
14 creatures vanquished.

Grand Total: 89 creatures vanquished

Notes
Turn   | Place    | Note
-------+----------+-------------------------------------------
     0 | D:1      | freelancePsychic the Merfolk Summoner began the quest for
                  | the Orb.
     0 | D:1      | Reached XP level 1. HP: 13/13 MP: 3/3
    88 | D:1      | Reached skill level 1 in Polearms
   332 | D:1      | Reached skill level 2 in Polearms
   693 | D:1      | Reached XP level 2. HP: 18/19 MP: 0/5
  1004 | D:1      | Found a faded altar of an unknown god.
  1059 | D:1      | Became a worshipper of Lugonu the Unformed
  1059 | D:1      | Reached * piety under Lugonu
  1059 | D:1      | Reached ** piety under Lugonu
  1313 | D:2      | Learned a level 2 spell: Call Imp
  1439 | D:2      | Reached skill level 3 in Polearms
  1825 | D:2      | Reached XP level 3. HP: 17/24 MP: 2/6
  1945 | D:2      | Noticed a phantom
  2050 | D:1      | Reached skill level 4 in Polearms
  2476 | D:1      | Killed a phantom
  2477 | D:1      | Reached skill level 5 in Polearms
  2477 | D:1      | Reached XP level 4. HP: 18/30 MP: 2/7
  3621 | D:2      | Reached *** piety under Lugonu
  3782 | D:3      | Noticed Sigmund
  3899 | D:3      | Found Riugeuh's Magic Scroll Emporium.
  4184 | D:3      | Reached skill level 6 in Polearms
  4787 | D:3      | Found an ornate altar of the Wu Jian Council.
  4933 | D:3      | HP: 1/30 [something/puff of flame (12)]
  5365 | D:3      | Reached XP level 5. HP: 35/35 MP: 8/8
  5786 | D:3      | HP: 1/35 [killer bee (9)]
  5790 | D:3      | Reached skill level 7 in Polearms
  5968 | D:4      | Found a shimmering blue altar of Sif Muna.
  6005 | D:4      | Noticed an ogre
  6012 | D:4      | Killed an ogre
  6055 | D:4      | Slain by a killer bee

Illustrated notes

Levels and vault maps discovered:
D:1:      co_arrival_square_in_a_square_in_a_square, layout_loops_ring,
          chequers_ecumenical_altar_island
D:2:      layout_basic
D:3:      layout_basic, nzn_wu_jian_council_hall, serial_forest,
          infiniplex_forest_clump_double, infiniplex_forest_clump_curved,
          infiniplex_forest_clump_tiny, infiniplex_forest_clump_diagonal,
          infiniplex_forest_straight_4, infiniplex_forest_lined_room_3,
          infiniplex_forest_lined_3_way, infiniplex_forest_straight_5,
          infiniplex_forest_straight_2, infiniplex_forest_straight_1,
          serial_shops, shop_fountains, minmay_goblin_outpost, uniq_sigmund
D:4:      layout_cave_pools, lemuel_crystal_altar, general_overflow_altar,
          lemuel_coloured_pillars_altar

Skill      XL: |  1  2  3  4  5 |
---------------+----------------+-----
Polearms       | 2 3 5 6 7 |  7.8
Dodging        | |  2.6
Stealth        | |  2.1
Spellcasting   | |  2.0
Summonings     | |  4.0

Action                   |  1- 3 |  4- 6 || total
-------------------------+-------+-------++-------
Melee: Unarmed           |    27 |       ||    27
       Club              |    19 |    81 ||   100
 Fire: Hunting sling     |       |    41 ||    41
 Cast: Summon Small Mamm |    48 |     4 ||    52
       Call Imp          |    16 |    48 ||    64
  Use: Scroll            |       |     6 ||     6
       Potion            |       |     5 ||     5
 Stab: Distracted        |     1 |       ||     1
       Sleeping          |     1 |       ||     1
Armor: Robe              |    11 |    42 ||    53
Dodge: Dodged            |    59 |   120 ||   179

Table legend: (Time is in decaauts)
 A = Elapsed time spent in this place.
 B = Non-inter-level travel time spent in this place.
 C = Inter-level travel time spent in this place.
 D = Time resting spent in this place.
 E = Time spent auto-exploring this place.
 F = Levels seen in this place.
 G = Mean time per level.
                   A        B        C        D        E       F      G
               +--------+--------+--------+--------+--------+-----+--------+
         Total |   6091 |   5889 |    202 |   1221 |   3756 |   4 | 1522.8 |
       Dungeon |   6091 |   5889 |    202 |   1221 |   3756 |   4 | 1522.8 |
               +--------+--------+--------+--------+--------+-----+--------+

Top non-repeatable levels by time:
     D:2: 2498 daAuts
     D:1: 1895 daAuts
     D:3: 1605 daAuts
     D:4: 93 daAuts
